 Dungeon Crawl Stone Soup version 0.29.1-15-g9cfb28693d (webtiles) character file.

Game seed: 18100815739333404845

344 RatsInWalls the Chopper (level 6, 0/56 HPs)
             Began as a Hill Orc Monk on Mar 3, 2023.
             Slain by Menkaure (13 damage)
             ... on level 3 of the Dungeon on Mar 4, 2023.
             The game lasted 00:12:39 (4973 turns).

RatsInWalls the Chopper (Hill Orc Monk)             Turns: 4973, Time: 00:12:40

Health: 0/56       AC: 10    Str: 16    XL:     6   Next: 58%
Magic:  6/6        EV: 11    Int: 10    God:
Gold:   142        SH:  0    Dex: 13    Spells: 5/5 levels left

rFire   . . .      SeeInvis .   a - +0 hand axe
rCold   + . .      Faith    .   (no shield)
rNeg    . . .      Spirit   .   h - +0 ring mail
rPois   .          Reflect  .   o - +0 helmet
rElec   .          Harm     .   (no cloak)
rCorr   .          Rampage  .   (no gloves)
Will    .....                   (no boots)
Stlth   +.........              (no amulet)
HPRegen 0.18/turn               p - ring of protection from cold
MPRegen 0.10/turn               b - +4 ring of protection

@: invisible
A: no striking features
a: no special abilities


You were on level 3 of the Dungeon.
You visited 1 branch of the dungeon, and saw 4 of its levels.

You collected 142 gold pieces.

Inventory:

Hand Weapons
 a - a +0 hand axe (weapon)
Missiles
 e - 26 stones (quivered)
 w - 4 poisoned darts
Armour
 h - a +0 ring mail (worn)
 o - a +0 helmet (worn)
Jewellery
 b - a +4 ring of protection (right hand)
 p - a ring of protection from cold (left hand)
Wands
 c - a wand of flame (6)
Scrolls
 g - 2 scrolls of amnesia
 l - a scroll of blinking
 m - a scroll of teleportation
 n - a scroll of magic mapping {unknown}
 s - a scroll of immolation {unknown}
 u - a scroll of noise
 x - a scroll of poison {unknown}
Potions
 i - a potion of degeneration {unknown}
 j - a potion of mutation {unknown}
 q - a potion of lignification
 r - a potion of attraction {unknown}
 t - a potion of brilliance
 v - a potion of curing


   Skills:
 + Level 5.5 Fighting
 + Level 6.0 Axes
 + Level 3.6 Armour
 - Level 3.0 Dodging
 - Level 1.5 Stealth


You had 5 spell levels left.
You didn't know any spells.
Your spell library contained the following spells:

 Spells                   Type           Power      Damage    Failure   Level
 Apportation              Tloc           0%         N/A       56%         1
 Alistair's Intoxication  Tmut/Pois      0%         N/A       100%        5


Dungeon Overview and Level Annotations

Branches:
Dungeon (4/15)
 Temple: D:4-7

Altars:
Ru
Wu Jian

Shops:
D:2 ([*(

Annotations:
D:3 Menkaure
D:4 Pikel


Message History

You see here a ball python corpse.
Things that are here:
2 scrolls of torment; a +0 spear; a +0 club
There is a stone staircase leading down, spattered with blood here.
Okay, then.
You climb downwards.
Level annotation: Menkaure, Pikel Menkaure shouts!
You hear a shout!
There is a stone staircase leading up, spattered with blood here.
You climb upwards.
There is a stone staircase leading down, spattered with blood here.
You hit Menkaure but do no damage. Menkaure hits you but does no damage.
You fade into invisibility!
Menkaure hits you but does no damage.
You hit Menkaure.
Menkaure is lightly damaged.
Menkaure hits you.
You completely miss Menkaure.
Menkaure is lightly damaged.
Menkaure casts a spell.
Menkaure seems to speed up.
You hit Menkaure but do no damage.
Menkaure is lightly damaged.
Menkaure hits you!
Okay, then.
Okay, then.
You hit Menkaure but do no damage.
Menkaure is lightly damaged.
Menkaure barely misses you.
You hit Menkaure.
Menkaure is moderately damaged.
Menkaure hits you!
You hit Menkaure.
Menkaure is severely damaged.
Menkaure hits you!
* * * LOW HITPOINT WARNING * * *
You feel better. Menkaure hits you.
* * * LOW HITPOINT WARNING * * *
Menkaure hits you!
You die...

##..............#.###
#.............###.#..
#............## #....
#....##.....#####....
#....##.....#........
####.##.#####.###....
#.##.####......[..
#.##.....#.#####.#
#@####...........#
#M# #.#...#####.# #.#
#.#...# #.# #.#
#.#...# #.#
#.####>#...#####..
#.....†..........#
#..###.##.######..
#..###.##.........
#..##...#.######..


You could see Menkaure (fast).

Vanquished Creatures
  4 lemures
  A scorpion (D:3)
  A centaur zombie (D:3)
  An iguana (D:3)
  Jessica (D:3)
  Natasha (thrice) (D:3)
  4 adders
  A gnoll (D:3)
  An adder skeleton (D:3)
  An adder zombie (D:3)
  A dart slug (D:2)
  6 orcs
  6 bats
  12 endoplasms
  4 giant cockroaches
  5 goblins
  2 hobgoblins (D:1)
  6 jackals (D:1)
  2 quokkas
  5 ball pythons
  A ball python skeleton (D:3)
  3 frilled lizards
  2 kobolds
  4 rats
77 creatures vanquished.

Vanquished Creatures (others)
  3 withered plants (D:3)
3 creatures vanquished.

Grand Total: 80 creatures vanquished

Notes
Turn   | Place    | Note
-------+----------+-------------------------------------------
     0 | D:1      | RatsInWalls the Hill Orc Monk began the quest for the Orb.
     0 | D:1      | Reached XP level 1. HP: 19/19 MP: 1/1
   427 | D:1      | You fall into a shaft and drop 1 floor!
   487 | D:2      | Reached XP level 2. HP: 24/27 MP: 2/2
   642 | D:1      | Reached skill level 1 in Armour
   832 | D:1      | Found a faded altar of an unknown god.
   845 | D:1      | Reached XP level 3. HP: 29/33 MP: 3/3
  1336 | D:2      | Found Font's Assorted Antiques.
  1418 | D:2      | Found Yptiyc's Armour Boutique.
  1491 | D:2      | Found Docwenty's Weapon Shop.
  1622 | D:2      | Found Jepatac's Weapon Shop.
  1997 | D:2      | Reached XP level 4. HP: 38/40 MP: 4/4
  2375 | D:3      | Noticed Jessica
  2384 | D:3      | Killed Jessica
  2385 | D:3      | Reached skill level 5 in Axes
  2513 | D:3      | Reached XP level 5. HP: 47/47 MP: 5/5
  2532 | D:3      | Found an ornate altar of the Wu Jian Council.
  2820 | D:3      | Found a sacrificial altar of Ru.
  3040 | D:3      | Reached skill level 5 in Fighting
  3040 | D:3      | Reached XP level 6. HP: 10/56 MP: 6/6
  3519 | D:4      | Noticed Natasha
  3572 | D:4      | Noticed Pikel
  4367 | D:3      | Killed Natasha
  4407 | D:3      | Noticed Natasha
  4417 | D:3      | Killed Natasha
  4511 | D:3      | Noticed Natasha
  4534 | D:3      | Killed Natasha
  4535 | D:3      | Reached skill level 6 in Axes
  4722 | D:4      | Noticed Menkaure
  4973 | D:3      | Slain by Menkaure

Illustrated notes

Levels and vault maps discovered:
D:1:      dpeg_arrival_line_fractal, layout_basic,
          shapermc_ecumenical_altar_totnotflames
D:2:      layout_basic, serial_shops, shop_fountains, nicolae_square_shop, shop,
          shop, minmay_shallow_snake_nest
D:3:      layout_loops_ring, hangedman_ru_absence,
          pdpol_wu_jian_five_deadly_venoms, serial_undead, serial_undead_a,
          serial_undead_f, serial_undead_c, serial_undead_a, serial_undead_b,
          uniq_jessica
D:4:      layout_rooms, mainiacjoe_overflow_24_doors,
          nicolae_gozag_seed_capital, gammafunk_ghost_icy, minmay_fountain_box,
          uniq_menkaure, uniq_natasha, uniq_pikel

Skill      XL: |  1  2  3  4  5  6 |
---------------+-------------------+-----
Armour         | 1 2 3 |  3.6
Fighting       | 4 5 |  5.5
Dodging        | 3 |  3.0
Axes           | 5 6 |  6.0
Stealth        | |  1.5

Action                   |  1- 3 |  4- 6 || total
-------------------------+-------+-------++-------
Melee: Hand axe          |   149 |   281 ||   430
       Punch             |     1 |     4 ||     5
  Use: Potion            |       |     4 ||     4
       Scroll            |       |     9 ||     9
 Stab: Sleeping          |     1 |     1 ||     2
Armor: Robe              |     9 |       ||     9
       Ring mail         |    44 |   112 ||   156
Dodge: Dodged            |    96 |   155 ||   251
